 Dungeon Crawl Stone Soup version 0.21-a0-1-gaf3b9a5 (webtiles) character file.

16 Gorglomux the Insei (level 2, 0/21 HPs)
             Began as a Barachi Transmuter on May 20, 2017.
             Killed from afar by a white imp (9 damage)
             ... with a puff of frost
             ... summoned by Natasha
             ... on level 2 of the Dungeon.
             The game lasted 00:01:45 (945 turns).

Gorglomux the Insei (Barachi Transmuter)             Turns: 945, Time: 00:01:45

Health: 0/21       AC:  2    Str: 11    XL:     2   Next: 58%
Magic:  5/5        EV: 12    Int: 13    God:
Gold:   24         SH:  0    Dex: 12    Spells: 3/6 levels left

rFire    . . .     SeeInvis .     - Unarmed
rCold    . . .     Gourm    .   (no shield)
rNeg     . . .     Faith    .   b - +0 robe
rPois    .         Spirit   .   (no helmet)
rElec    .         Reflect  .   (no cloak)
rCorr    .         Harm     .   (no gloves)
MR       .....                  (no boots)
Stlth    +.........             (no amulet)
Regen    0.1/turn               (no ring)
MPRegen  0.1/turn               (no ring)

@: can't hop, slow
A: +LOS, swims, slowness 1, strong legs 1
a: Hop


You were on level 2 of the Dungeon.
You were hungry.

You visited 1 branch of the dungeon, and saw 2 of its levels.

You collected 24 gold pieces.

Inventory:

Missiles
 a - 11 arrows
Armour
 b - a +0 robe (worn)
Scrolls
 e - a scroll of identify {unknown}
 j - a scroll of recharging {unknown}
Potions
 f - a potion of berserk rage {unknown}
 g - a potion of might {unknown}
Books
 c - a book of Changes
Comestibles
 d - a bread ration {@e1}
 h - a fruit


   Skills:
 - Level 1.2 Fighting
 - Level 2.1 Dodging
 + Level 3.4 Unarmed Combat
 + Level 2.5 Spellcasting
 + Level 2.8 Transmutations


You had 3 spell levels left.
You knew the following spells:

 Your Spells              Type           Power        Failure   Level  Hunger
a - Beastly Appendage     Tmut           #.....       8%          1    #......
s - Sticks to Snakes      Tmut           #.......     12%         2    ###....


Dungeon Overview and Level Annotations

Branches:
Dungeon (2/15)

Altars:

Annotations:
D:2 Natasha


Innate Abilities, Weirdness & Mutations

Shadows flee at your approach. (+LOS)
You can swim through water.
You cover ground slowly.
You can hop short distances.


Message History

You barely miss the bat. The bat hits you but does no damage.
Unknown command.
You hit the bat.
You kill the bat!
Unknown command.
No target in view!
Your transformation is almost over.
Your talons disappear.
As you open the door, it creaks loudly!
There is an open door here.
There is an open door here.
You open the door.
There is an open door here.
You now have 24 gold pieces (gained 10).
Done exploring.
Done exploring.
Your feet morph into talons.
Unknown command.
Done exploring.
No target in view!
Unknown command.
Done exploring.
No target in view!
No target in view!
Unknown command.
Done exploring.
(D) Dungeon
Where to? (? - help)
Your transformation is almost over.
You are feeling hungry.
Unknown command.
Unknown command.
Unknown command.
(D) Dungeon
Where to? (Enter - D:2, ? - help)
There is a stone staircase leading down here.
You climb downwards.
A kobold comes into view. It is wielding a dagger.
There is a stone staircase leading up here.
You extend your transformation's duration.
The kobold shouts!
Your transformation is almost over.
You hit the kobold. You claw the kobold. The kobold misses you.
You hit the kobold.
You kill the kobold!
Unknown command.
No target in view!
Unknown command.
No target in view!
Unknown command.
Things that are here:
a dagger; a kobold corpse Unknown command.
Your talons disappear.
You open the door.
There is an open door here.
You open the door.
There is an open door here.
You open the door.
Found a stone staircase leading up.
There is an open door here.
Unknown command.
Unknown command.
A leopard gecko comes into view.
The leopard gecko hisses angrily.
Unknown command.
Your feet morph into talons.
You barely miss the leopard gecko. You claw the leopard gecko.
The leopard gecko closely misses you.
Unknown command.
You closely miss the leopard gecko. Your kick misses the leopard gecko.
The leopard gecko barely misses you.
Unknown command.
You closely miss the leopard gecko. The leopard gecko closely misses you.
The leopard gecko bites you but does no damage.
Unknown command.
You miss the leopard gecko. The leopard gecko closely misses you.
Unknown command.
You closely miss the leopard gecko. Your kick misses the leopard gecko.
The leopard gecko closely misses you.
You hit the leopard gecko. The leopard gecko bites you.
You closely miss the leopard gecko.
The leopard gecko bites you but does no damage.
You hit the leopard gecko.
You kill the leopard gecko!
Your transformation is almost over.
You start resting.
Your talons disappear.
Natasha, Servant of Life and Death comes into view.
Natasha hisses angrily.
Natasha stares at you and mumbles some strange words.
The magic dart hits you!
Natasha is nearby!
Hop to where?
Boing!
Natasha mumbles some strange words.
There is a stone staircase leading up here.
The white imp gestures at you. The puff of frost hits you!
You die...

#.# #.# #.# ##+## ##.## ##...##
# #.).## ##.....## ...
###....### ##.......##
.##..###........###.........###
...?....h5........'.........'..
.....###.##...@.###.........###
.## #.##.#.#.# ##.......##
#........# ##.....## ####.#####
##...## #.# ##'## #.# #.# ..
#.# .% ... ...


You could see Natasha and a white imp.

Vanquished Creatures
  A dart slug (D:1)
  A leopard gecko (D:2)
  A goblin (D:1)
  3 jackals (D:1)
  2 kobolds
  A bat (D:1)
  4 frilled lizards (D:1)
13 creatures vanquished.

Vanquished Creatures (collateral kills)
  A jackal (D:1)
1 creature vanquished.

Grand Total: 14 creatures vanquished

Notes
Turn   | Place    | Note
-------+----------+-------------------------------------------
     0 | D:1      | Gorglomux the Barachi Transmuter began the quest for the Orb.
     0 | D:1      | Reached XP level 1. HP: 15/15 MP: 3/3
   363 | D:1      | Reached XP level 2. HP: 12/21 MP: 3/5
   486 | D:1      | Learned a level 2 spell: Sticks to Snakes
   939 | D:2      | Noticed Natasha
   945 | D:2      | Killed from afar by a white imp

Vault maps used:
D:1:      lightli_arrival_quake
D:2:      uniq_natasha, uniq_terence

Action                   || total
-------------------------++-------
Melee: Unarmed           ||    55
       Kick              ||     2
 Cast: Beastly Appendage ||    11
       Sticks to Snakes  ||     1
 Abil: Hop               ||     1
 Stab: Sleeping          ||     1
Armor: Robe              ||     7
Dodge: Dodged            ||    31

Vault maps used:
D:1:      lightli_arrival_quake
D:2:      uniq_natasha, uniq_terence

Table legend:
 A = Turns spent in this place as a percentage of turns spent in the entire game.
 B = Non-inter-level travel turns spent in this place as a percentage of non-inter-level travel turns spent in the entire game.
 C = Inter-level travel turns spent in this place as a percentage of turns spent in this place.
 D = Turns resting spent in this place as a percentage of non-inter-level travel turns spent in this place.
 E = Turns spent auto-exploring this place as a percentage of non-inter-level travel turns spent in this place.
 F = Non-inter-level travel turns spent in this place divided by the number of levels of this place that you've seen.
                   A       B       C       D       E      F
               +-------+-------+-------+-------+-------+----------------------
         Total | 100.0 | 100.0 |   0.7 |   3.6 |   9.8 | 137.5
       Dungeon | 100.0 | 100.0 |   0.7 |   3.6 |   9.8 | 137.5
               +-------+-------+-------+-------+-------+----------------------

Table legend:
 A = Kills in this place as a percentage of kills in entire the game.
 B = Kills by you in this place as a percentage of kills by you in the entire game.
 C = Kills by friends in this place as a percentage of kills by friends in the entire game.
 D = Other kills in this place as a percentage of other kills in the entire game.
 E = Experience gained in this place as a percentage of experience gained in the entire game.
 F = Experience gained in this place divided by the number of levels of this place that you have seen.
                   A       B       C       D       E      F
               +-------+-------+-------+-------+-------+----------------------
         Total | 100.0 | 100.0 | 100.0 |  -nan | 100.0 |  12.0
       Dungeon | 100.0 | 100.0 | 100.0 |  -nan | 100.0 |  12.0
               +-------+-------+-------+-------+-------+----------------------
